 Dungeon Crawl Stone Soup version 0.23-a0-642-g3120c2f (webtiles) character file.

579 Azzok the Firebug (level 7, 25/46 HPs)
             Began as a Demonspawn Fire Elementalist on Dec 30, 2018.
             Was an Initiate of Vehumet.
             Quit the game on level 5 of the Dungeon.
             The game lasted 00:05:54 (6379 turns).

Azzok the Firebug (Demonspawn Fire Elementalist)    Turns: 6379, Time: 00:05:55

Health: 25/46      AC: 11    Str:  8    XL:     7   Next: 13%
Magic:  0/13       EV: 12    Int: 19    God:    Vehumet [......]
Gold:   161        SH:  0    Dex: 13    Spells: 6/14 levels left

rFire    . . .     SeeInvis .   n - +0 long sword
rCold    + . .     Gourm    .   (no shield)
rNeg     . . .     Faith    .   a - +0 robe
rPois    .         Spirit   .   o - +2 helmet
rElec    .         Reflect  .   (no cloak)
rCorr    .         Harm     .   (no gloves)
MR       .....                  (no boots)
Stlth    ++........             (no amulet)
HPRegen  0.15/turn              l - +1 ring of slaying
MPRegen  0.13/turn              (no ring)

@: sanguine armour, very slightly contaminated
A: talons 1, cold resistance 1, sanguine armour 1
a: Renounce Religion


You were on level 5 of the Dungeon.
You worshipped Vehumet.
Vehumet was noncommittal.
You were hungry.

You visited 2 branches of the dungeon, and saw 6 of its levels.

You collected 161 gold pieces.

Inventory:

Hand Weapons
 n - a +0 long sword (weapon)
Armour
 a - a +0 robe (worn)
 o - a +2 helmet (worn)
Jewellery
 l - a +1 ring of slaying (left hand)
Scrolls
 b - 4 scrolls of identify {unknown}
 d - a scroll of amnesia {unknown}
 e - 2 scrolls of fog {unknown}
 g - a scroll of blinking {unknown}
 i - 3 scrolls of teleportation {unknown}
 j - 4 scrolls of random uselessness {unknown}
 k - 2 scrolls of enchant armour {unknown}
 q - a scroll of remove curse {unknown}
Potions
 f - a potion of mutation {unknown}
 h - a potion of degeneration {unknown}
 m - a potion of curing {unknown}
 p - a potion of lignification {unknown}
Comestibles
 c - 7 rations
 r - 5 chunks of flesh


   Skills:
 - Level 1.7 Dodging
 - Level 1.7 Stealth
 + Level 4.4 Spellcasting
 + Level 4.3 Conjurations
 + Level 4.8 Fire Magic


You had 6 spell levels left.
You knew the following spells:

 Your Spells              Type           Power        Failure   Level  Hunger
a - Flame Tongue          Conj/Fire      ###..        1%          1    None
b - Conjure Flame         Conj/Fire      ###.....     6%          3    ###....
c - Sticky Flame          Conj/Fire      ###.....     21%         4    ####...

Your spell library contained the following spells:

 Spells                   Type           Power        Failure   Level  Hunger
 Throw Flame              Conj/Fire      ###...       3%          2    #......
 Throw Frost              Conj/Ice       ##....       9%          2    #......
 Freeze                   Ice            #...         13%         1    None
 Inner Flame              Hex/Fire       ##......     14%         3    ###....
 Blink                    Tloc           N/A          21%         2    #......
 Ozocubu's Armour         Chrm/Ice       #.......     36%         3    ###....
 Throw Icicle             Conj/Ice       ##......     47%         4    ####...
 Fireball                 Conj/Fire      ###.......   50%         5    ######.
 Leda's Liquefaction      Hex/Erth       #.........   78%         4    ####...
 Petrify                  Tmut/Erth      #.......     78%         4    ####...
 Summon Ice Beast         Ice/Summ       #.......     78%         4    ####...
 Borgnjor's Vile Clutch   Necr/Erth      #.........   98%         5    ######.


Dungeon Overview and Level Annotations

Branches:
Dungeon (5/15)             Temple (1/1) D:4

Altars:
Ashenzari
Cheibriados
Dithmenos
Elyvilon
Fedhas
Hepliaklqana
Kikubaaqudgha
Makhleb
Nemelex Xobeh
Okawaru
Qazlal
Ru
Sif Muna
Uskayaw
Vehumet
Wu Jian
Xom
Yredelemnul
Zin


Innate Abilities, Weirdness & Mutations

You have sharp toenails.
Your flesh is cold resistant. (rC+)
When seriously injured, your bleeding wounds create armour. (AC +6)


Message History

The quokka zombie closely misses you.
You barely miss the ice beast.
The ice beast is almost dead.
The ice beast hits you but does no damage.
The quokka zombie bites you but does no damage.
Casting: Sticky Flame (slightly dangerous; 22% risk of failure)
Confirm with . or Enter, or press ? or * to list all spells.
Aiming: Flame Tongue (safe; 2% risk of failure)
Press: ? - help, Shift-Dir - straight line, f/p - ice beast
Aim: an ice beast (almost dead)
The flame tongue hits the ice beast.
The ice beast melts!
You kill the ice beast!
Vehumet accepts your kill.
You have reached level 7!
Your demonic ancestry asserts itself...
You feel resistant to cold.
* * * LOW MAGIC WARNING * * *
The quokka zombie barely misses you.
You riposte.
You hit the quokka zombie.
The quokka zombie is moderately damaged.
Are you sure you want to abandon this character and quit the game? (Confirm

▒·········· ▒▒▒··········
▒···▒········
▒▒▒▒▒▒▒▒▒▒▒▒·▒▒▒▒·····▒·
·········÷··>············
··▒▒▒▒▒▒▒▒·▒▒▒▒▒▒▒▒▒··▒▒·
···▒▒▒▒▒▒··▒▒▒▒▒ ····
▒········Z▒▒···· ··▒·
▒······▒@····▒ ▒··
▒▒▒▒···▒▒··▒▒
▒····▒···▒▒▒ ▒▒▒········▒
▒···▒▒·▒·▒ ▒▒··▒▒·▒·▒
▒▒·▒▒·▒·▒ ▒·▒▒···▒▒▒▒·
▒···········


You could see a quokka zombie.

Vanquished Creatures
  An ice beast (D:5)
  A phantom (D:4)
  2 howler monkeys (D:5)
  A hound (D:5)
  A jelly (D:5)
  An orc wizard (D:4)
  3 worker ants
  5 adders
  A shadow imp (D:3)
  An ooze (D:1)
  2 worms (D:2)
  3 dart slugs
  3 leopard geckos
  12 orcs
  2 giant cockroaches
  7 hobgoblins
  15 jackals
  4 kobolds
  A ball python (D:4)
  2 bats
  A frilled lizard (D:1)
  8 goblins
  9 rats
  A spectral orc (D:4)
87 creatures vanquished.

Notes
Turn   | Place    | Note
-------+----------+-------------------------------------------
     0 | D:1      | Azzok the Demonspawn Fire Elementalist began the quest for
                  | the Orb.
     0 | D:1      | Reached XP level 1. HP: 13/13 MP: 3/3
   130 | D:1      | Gained mutation: You have sharp toenails. [demonic
                  | ancestry]
   130 | D:1      | Reached XP level 2. HP: 16/19 MP: 0/5
  1016 | D:1      | Gained mutation: When seriously injured, your bleeding
                  | wounds create armour. (AC +6) [demonic ancestry]
  1016 | D:1      | Reached XP level 3. HP: 23/24 MP: 1/6
  2647 | D:3      | Found a hide-covered altar of Uskayaw.
  2760 | D:3      | Reached XP level 4. HP: 24/30 MP: 2/8
  3342 | D:3      | Found a shadowy altar of Dithmenos.
  3822 | D:4      | Found a deep blue altar of Sif Muna.
  3824 | D:4      | Found a shimmering altar of Xom.
  3824 | D:4      | Found an ornate altar of the Wu Jian Council.
  3825 | D:4      | Found a glowing silver altar of Zin.
  3827 | D:4      | Found a sacrificial altar of Ru.
  3933 | D:4      | Identified the Tome of the Earthen Compass
  3939 | D:4      | Learned a level 3 spell: Conjure Flame
  3944 | D:4      | Learned a level 4 spell: Sticky Flame
  4275 | D:4      | Reached XP level 5. HP: 32/35 MP: 1/9
  4757 | D:4      | Found a basalt altar of Yredelemnul.
  4865 | D:4      | Found a staircase to the Ecumenical Temple.
  4895 | D:4      | Found an ancient bone altar of Kikubaaqudgha.
  5404 | Temple   | Entered the Ecumenical Temple
  5476 | Temple   | Became a worshipper of Vehumet
  5618 | D:4      | Noticed a phantom
  5625 | D:4      | Killed a phantom
  5625 | D:4      | Reached XP level 6. HP: 28/41 MP: 6/11
  5866 | D:5      | Entered Level 5 of the Dungeon
  6353 | D:5      | Noticed an ice beast
  6378 | D:5      | Killed an ice beast
  6378 | D:5      | Gained mutation: Your flesh is cold resistant. (rC+)
                  | [demonic ancestry]
  6378 | D:5      | Reached XP level 7. HP: 25/46 MP: 0/13
  6379 | D:5      | Quit the game

Vault maps used:
D:1:      roderic_crop_circles_arrival_small
D:2:      first_ration
D:3:      nicolae_dithmenos_shadow_blocks, nicolae_overflow_crystal_walls
D:4:      yredelemnul_forgotten_temple_becter, kiku_gazebo_pond_becter,
          minitemple, temple_doors_cd
D:5:      lightli_temple_of_fire, portal_sewer_entry_e, serial_shops,
          nicolae_shop_overgrown_old_shop
Temple:   cyrus_temple_forest

Skill      XL: |  1  2  3  4  5  6 |
---------------+-------------------+-----
Fire Magic     | 3 4 |  4.8
Conjurations   | 2 3 4 |  4.3
Spellcasting   | 3 4 |  4.4
Dodging        | |  1.7
Stealth        | |  1.7

Action                   |  1- 3 |  4- 6 |  7- 9 || total
-------------------------+-------+-------+-------++-------
Melee: Unarmed           |    22 |       |       ||    22
       Kick              |     7 |    11 |       ||    18
       Short sword       |     5 |     6 |       ||    11
       Long sword        |       |    35 |       ||    35
 Cast: Flame Tongue      |    65 |   105 |     1 ||   171
       Sticky Flame      |       |     3 |       ||     3
  Eat: Chunk             |     6 |    11 |       ||    17
Armor: Robe              |     8 |    49 |       ||    57
Dodge: Dodged            |    36 |    84 |     1 ||   121
       Rpst.: Long sword |       |    20 |     1 ||    21

Table legend:
 A = Non-vault XP
 B = Vault XP
 C = Vault XP percentage of total XP
 D = Non-vault monster count
 E = Vault monster count
 F = Vault count percentage of total count
                 A         B        C        D         E       F
            +---------+---------+-------+---------+---------+-------
      Total |     827 |       1 |   0.1 |      86 |       1 |   1.1
            +---------+---------+-------+---------+---------+-------
        D:1 |      42 |       0 |   0.0 |      22 |       0 |   0.0
        D:2 |      47 |       0 |   0.0 |      11 |       0 |   0.0
        D:3 |      46 |       0 |   0.0 |      18 |       0 |   0.0
        D:4 |     308 |       1 |   0.3 |      24 |       1 |   4.0
        D:5 |     384 |       0 |   0.0 |      11 |       0 |   0.0
            +---------+---------+-------+---------+---------+-------
